 Dungeon Crawl Stone Soup version 0.28-a0-1429-gf3d713d (webtiles) character file.

Game seed: 4869341143397850985

2 Blackhawk the Ducker (level 1, 16/16 HPs)
             Began as a Demonspawn Gladiator on Jan 8, 2022.
             Was a Plaything of Xom.
             Quit the game on level 1 of the Dungeon.
             The game lasted 00:00:16 (111 turns).

Blackhawk the Ducker (Demonspawn Gladiator)          Turns: 111, Time: 00:00:17

Health: 16/16      AC:  4    Str: 14    XL:     1   Next: 33%
Magic:  1/1        EV: 12    Int:  9    God:    Xom [..*...]
Gold:   0          SH:  0    Dex: 14    Spells: 0/0 levels left

rFire   . . .      SeeInvis .   a - +0 trident
rCold   . . .      Faith    .   (no shield)
rNeg    . . .      Spirit   .   b - +0 leather armour
rPois   .          Reflect  .   c - +0 helmet
rElec   .          Harm     .   (no cloak)
rCorr   .          Rampage  .   (no gloves)
Will    .....                   (no boots)
Stlth   +.........              (no amulet)
HPRegen 0.05/turn               (no ring)
MPRegen 0.07/turn               (no ring)

@: no status effects
A: no striking features
a: Renounce Religion


You were on level 1 of the Dungeon.
You worshipped Xom.
You were a toy of Xom.
You visited 1 branch of the dungeon, and saw 1 of its levels.

Inventory:

Hand Weapons
 a - a +0 trident (weapon)
Missiles
 d - 3 throwing nets (quivered)
 e - 22 poisoned darts
Armour
 b - a +0 leather armour (worn)
 c - a +0 helmet (worn)


   Skills:
 + Level 2.0 Fighting
 + Level 2.7 Polearms
 + Level 1.8 Throwing
 + Level 2.7 Dodging


You couldn't memorise any spells.
You didn't know any spells.
Your spell library was empty.

Dungeon Overview and Level Annotations

Branches:
Dungeon (1/15)

Altars:
Xom


Message History

The endoplasm misses you.
You hit the endoplasm.
You kill the endoplasm!
No target in view!
No target in view!
No target in view!
No target in view!
No target in view!
No target in view!
No target in view!
You see here 22 poisoned darts.
e - 22 poisoned darts
Found a stone staircase leading down.
A hobgoblin comes into view.
A hobgoblin is nearby!
The hobgoblin shouts!
You reach to attack!
You closely miss the hobgoblin. You hit the hobgoblin but do no damage.
The hobgoblin closely misses you.
You puncture the hobgoblin!
You kill the hobgoblin!
No target in view!
No target in view!
No target in view!
No target in view!
No target in view!
No target in view!
Found 27 stones.
You see here 27 stones.
Found a faded altar of an unknown god.
There is a faded altar of an unknown god here.
Key pressed, stopping explore.
No target in view!
There is a faded altar of an unknown god here.
You cannot tell which god this altar belongs to.
Convert to them anyway?
Okay, then.
You cannot tell which god this altar belongs to.
Convert to them anyway?
Xom accepts your prayer! Xom welcomes you!
Xom is fascinated!
Are you sure you want to abandon this character and quit the game? (Confirm with "yes".)

###### ##############
....######§§..........#
#.......#§@..#.#.###.#
##..####.#§§.##.#.###.# #
#...(.....§§.......##.#
#.#...#############..##.#
#.#......# #..##.#
#.....#### #.....#
###.### ##.#### #.# +..#
#.# #..#


There were no monsters in sight!

Vanquished Creatures
  An endoplasm (D:1)
  A hobgoblin (D:1)
2 creatures vanquished.

Notes
Turn   | Place    | Note
-------+----------+-------------------------------------------
     0 | D:1      | Blackhawk the Demonspawn Gladiator began the quest for the
                  | Orb.
     0 | D:1      | Reached XP level 1. HP: 16/16 MP: 1/1
    80 | D:1      | Found a faded altar of an unknown god.
   110 | D:1      | Prayed at the altar of an unknown god.
   110 | D:1      | Became a worshipper of Xom the Tricky
   111 | D:1      | Quit the game

Illustrated notes

Levels and vault maps discovered:
D:1:      dpeg_arrival_round_a, layout_loops_cross,
          ebering_ecumenical_altar_mist, minmay_misc_feat_alley,
          kennysheep_another_room

Action                   || total
-------------------------++-------
Melee: Trident           ||     6
Armor: Leather armour    ||     1
Dodge: Dodged            ||     2

Table legend: (Time is in decaauts)
 A = Elapsed time spent in this place.
 B = Non-inter-level travel time spent in this place.
 C = Inter-level travel time spent in this place.
 D = Time resting spent in this place.
 E = Time spent auto-exploring this place.
 F = Levels seen in this place.
 G = Mean time per level.
                   A        B        C        D        E       F      G
               +--------+--------+--------+--------+--------+-----+--------+
         Total |    111 |    102 |      9 |      0 |     83 |   1 |  111.0 |
       Dungeon |    111 |    102 |      9 |      0 |     83 |   1 |  111.0 |
               +--------+--------+--------+--------+--------+-----+--------+

Top non-repeatable levels by time:
     D:1: 111 daAuts
